 Dungeon Crawl Stone Soup version 0.25-a0-890-g62861fb (webtiles) character file.

Game seed: 15879004711747364396, levelgen mode: deterministic

616402 FishTaco the Conqueror (level 26, -3/266 HPs)
             Began as a Minotaur Hunter on May 8, 2020.
             Was the Champion of Okawaru.
             Killed by divine providence
             ... invoked by a greater mummy
              (11 damage)
             ... on level 3 of the Tomb of the Ancients on May 9, 2020.
             The game lasted 07:32:31 (86833 turns).

FishTaco the Conqueror (Minotaur Hunter)           Turns: 86833, Time: 07:32:31

Health: -3/266     AC: 48    Str: 27    XL:     26   Next: 91%
Magic:  0/36       EV: 29    Int:  8    God:    Okawaru [******]
Gold:   5023       SH:  0    Dex: 24    Spells: 25/25 levels left

rFire    x . .     SeeInvis +   z - +0 sword of Power
rCold    . . .     Gourm    .   (shield currently unavailable)
rNeg     + + +     Faith    .   l - +10 plate armour of Creativity {*Drain rElec Dex+4}
rPois    +         Spirit   +   a - +2 hat of the Bear Spirit {Spirit, +Rage rN+ MR++}
rElec    +         Reflect  .   G - scarf {cloud immunity}
rCorr    .         Harm     .   N - +3 pair of gloves of the Moon {*Slow Dex+5 SInv}
MR       +++..     Rnd*Rage +   x - +2 pair of boots {run}
Stlth    ..........             Z - amulet of Ekkur {rElec rPois Regen+ Str+5 Dex-5}
HPRegen  0.94/turn              w - ring "Tiret" {rPois rF- AC+5 Dex+5}
MPRegen  0.25/turn              Q - ring of Elubboist {+Blink rN+++ MP+9 Str-3 Dex+4}

@: mighty, berserk cooldown, slowed, very slow
A: retaliatory headbutt, horns 2, berserk 1, blurry vision 1, clumsy 2,
screaming 1
}: 3/15 runes: decaying, serpentine, silver
a: Heroism, Finesse, Renounce Religion, Evoke Blink, Evoke Berserk Rage


You were on level 3 of the Tomb of the Ancients.
You worshipped Okawaru.
Okawaru was exalted by your worship.
You were not hungry.

You visited 11 branches of the dungeon, and saw 51 of its levels.
You visited the Abyss 1 time.
You also visited: Gauntlet.

You collected 10553 gold pieces.
You spent 5530 gold pieces at shops.

Inventory:

Hand Weapons
 e - the +6 arbalest "Damnation" {damnation}
   (You found it on level 1 of the Vaults)
 s - the +10 arbalest of Peril {freeze, rPois rF- rC++ rN+}
   (You found it on level 4 of the Swamp)

   It causes projectiles fired from it to freeze those they strike, causing
   extra injury to most foes and up to half again as much damage against
   particularly susceptible opponents.
   They can also slow down cold-blooded creatures.
   It makes you vulnerable to fire.
   It greatly protects you from cold.
   It protects you from poison.
   It protects you from negative energy.
 z - the +0 sword of Power (weapon)
   (You found it on level 5 of the Dungeon)
Missiles
 d - 1637 bolts (quivered)
Armour
 a - the +2 hat of the Bear Spirit (worn) {Spirit, +Rage rN+ MR++}
   (You bought it in a shop on level 3 of the Snake Pit)

   It protects you from negative energy.
   It affects your resistance to hostile enchantments.
   It lets you go berserk.
 i - the +1 pair of boots of the Hot Ocelot {+Blink rC- Regen+ Slay+5}
   (You found it on level 1 of the Tomb of the Ancients)

   It affects your accuracy and damage with ranged weapons and melee attacks
   (+5).
   It makes you vulnerable to cold.
   It lets you blink.
   It increases your rate of regeneration.
 j - a scarf of repulsion
 l - the +10 plate armour of Creativity (worn) {*Drain rElec Dex+4}
   (You found it on level 1 of the Crypt)

   It affects your dexterity (+4).
   It insulates you from electricity.
   It causes draining when unequipped.
 o - +8 gold dragon scales
 x - a +2 pair of boots of running (worn)
 C - the +9 plate armour "Ameadup" {*Corrode rF+ MR+ MP+9}
   (You bought it in a shop on level 15 of the Dungeon)

   It protects you from fire.
   It affects your resistance to hostile enchantments.
   It affects your magic capacity (+9).
   It may corrode you when you take damage.
 G - a scarf of cloud immunity (worn)
 N - the +3 pair of gloves of the Moon (worn) {*Slow Dex+5 SInv}
   (You found it on level 1 of the Lair of Beasts)

   It affects your dexterity (+5).
   It lets you see invisible.
   It may slow you when you take damage.
 U - a scarf of resistance
Jewellery
 h - the ring of Cheibriados's Esteem {rF+ rC+ Str+4}
   (You took it off a tengu reaver on level 5 of the Vaults)

   [ring of protection from cold]

   It affects your strength (+4).
   It protects you from fire.
   It protects you from cold.
 w - the ring "Tiret" (left hand) {rPois rF- AC+5 Dex+5}
   (You found it on level 5 of the Vaults)

   [ring of protection]

   It affects your AC (+5).
   It affects your dexterity (+5).
   It makes you vulnerable to fire.
   It protects you from poison.
 A - a +5 ring of protection
 Q - the ring of Elubboist (right hand) {+Blink rN+++ MP+9 Str-3 Dex+4}
   (You bought it in a shop on level 1 of the Vaults)

   [ring of magical power]

   It affects your strength (-3).
   It affects your dexterity (+4).
   It renders you almost immune to negative energy.
   It affects your magic capacity (+9).
   It lets you blink.
 X - the ring "Fudyrgha" {rCorr Str+3}
   (You acquired it on level 3 of the Elven Halls)

   [ring of resist corrosion]

   It affects your strength (+3).
   It provides partial protection from all sources of acid and corrosion.
 Z - the amulet of Ekkur (around neck) {rElec rPois Regen+ Str+5 Dex-5}
   (You found it in a Gauntlet)

   [amulet of regeneration]

   It affects your strength (+5).
   It affects your dexterity (-5).
   It insulates you from electricity.
   It protects you from poison.
   It increases your rate of regeneration.
Wands
 c - a wand of random effects (15)
 p - a wand of iceblast (40)
 J - a wand of scattershot (13)
 K - a wand of disintegration (49)
 L - a wand of digging (26)
 O - a wand of paralysis (27)
 V - a wand of acid (50)
 W - a wand of clouds (15)
Scrolls
 k - 29 scrolls of remove curse
 n - 13 scrolls of teleportation
 r - 12 scrolls of magic mapping
 u - 2 scrolls of fear
 D - 4 scrolls of fog
 H - a scroll of silence
Potions
 b - 10 potions of stabbing
 g - a potion of cancellation
 m - 7 potions of flight
 q - 10 potions of haste
 t - 7 potions of might
 E - 3 potions of invisibility
 I - 5 potions of lignification
 P - 6 potions of mutation
 S - 4 potions of resistance
 Y - 2 potions of berserk rage
Miscellaneous
 B - 5 phantom mirrors
 F - 4 boxes of beasts
Comestibles
 f - 92 rations


   Skills:
 O Level 27 Fighting
 - Level 20.0 Long Blades
 - Level 18.0 Crossbows
 O Level 27 Armour
 + Level 24.6 Dodging
 - Level 0.7 Stealth
 - Level 6.7 Invocations


You had 25 spell levels left.
You didn't know any spells.
Your spell library contained the following spells:

 Spells                   Type           Power        Failure   Level  Hunger
 Animate Skeleton         Necr           N/A          78%         1    ##.....
 Beastly Appendage        Tmut           #.....       78%         1    ##.....
 Corona                   Hex            #......      78%         1    ##.....
 Magic Dart               Conj           #...         78%         1    ##.....
 Shock                    Conj/Air       #...         78%         1    ##.....
 Sting                    Tmut/Pois      #...         78%         1    ##.....
 Summon Butterflies       Summ           #.......     78%         1    ##.....
 Blink                    Tloc           N/A          89%         2    ###....
 Corpse Rot               Necr/Air       N/A          89%         2    ###....
 Poisonous Vapours        Pois/Air       #.....       89%         2    ###....
 Searing Ray              Conj           #.....       89%         2    ###....
 Shroud of Golubria       Chrm/Tloc      #.....       89%         2    ###....
 Slow                     Hex            #.......     89%         2    ###....
 Sticks to Snakes         Tmut           #.......     89%         2    ###....
 Sublimation of Blood     Necr           #.........   89%         2    ###....
 Swiftness                Chrm/Air       #.......     89%         2    ###....
 Call Canine Familiar     Summ           #.......     98%         3    ####...
 Confusing Touch          Hex            #.......     98%         3    ####...
 Conjure Flame            Conj/Fire      #.......     98%         3    ####...
 Dazzling Flash           Conj/Hex       #.....       98%         3    ####...
 Gell's Gravitas          Tloc           #.........   98%         3    ####...
 Ignite Poison            Fire/Tmut/Pois #.......     98%         3    ####...
 Inner Flame              Hex/Fire       #.......     98%         3    ####...
 Lesser Beckoning         Tloc           #.........   98%         3    ####...
 Mephitic Cloud           Conj/Pois/Air  #.......     98%         3    ####...
 Portal Projectile        Hex/Tloc       #.....       98%         3    ####...
 Recall                   Summ/Tloc      N/A          98%         3    ####...
 Spider Form              Tmut/Pois      #.........   98%         3    ####...
 Static Discharge         Conj/Air       #.......     98%         3    ####...
 Teleport Other           Tloc           #.......     98%         3    ####...
 Tukima's Dance           Hex            #.......     98%         3    ####...
 Vampiric Draining        Necr           #.........   98%         3    ####...
 Airstrike                Air            #.........   100%        4    #####..
 Animate Dead             Necr           N/A          100%        4    #####..
 Cause Fear               Hex            #.........   100%        4    #####..
 Dispel Undead            Necr           #.......     100%        4    #####..
 Fulminant Prism          Conj/Hex       #.........   100%        4    #####..
 Ice Form                 Ice/Tmut       #.......     100%        4    #####..
 Iskenderun's Mystic Bla  Conj/Tloc      #.......     100%        4    #####..
 Leda's Liquefaction      Hex/Erth       #.........   100%        4    #####..
 Olgreb's Toxic Radiance  Pois           #.......     100%        4    #####..
 Passage of Golubria      Tloc           N/A          100%        4    #####..
 Petrify                  Tmut/Erth      #.......     100%        4    #####..
 Sticky Flame             Conj/Fire      #.......     100%        4    #####..
 Summon Ice Beast         Ice/Summ       #.......     100%        4    #####..
 Summon Lightning Spire   Summ/Air       #.......     100%        4    #####..
 Agony                    Necr           #.......     100%        5    ######.
 Alistair's Intoxication  Tmut/Pois      #.......     100%        5    ######.
 Blade Hands              Tmut           #.........   100%        5    ######.
 Bolt of Magma            Conj/Fire/Erth #.........   100%        5    ######.
 Borgnjor's Vile Clutch   Necr/Erth      #.........   100%        5    ######.
 Excruciating Wounds      Chrm/Necr      #.........   100%        5    ######.
 Fireball                 Conj/Fire      #.........   100%        5    ######.
 Irradiate                Conj/Tmut      #.........   100%        5    ######.
 Lightning Bolt           Conj/Air       #.........   100%        5    ######.
 Metabolic Englaciation   Hex/Ice        #.........   100%        5    ######.
 Silence                  Hex/Air        #.........   100%        5    ######.
 Summon Mana Viper        Hex/Summ       #.......     100%        5    ######.
 Yara's Violent Unravell  Hex/Tmut       #.........   100%        5    ######.
 Conjure Ball Lightning   Conj/Air       #.........   100%        6    #######
 Darkness                 Hex            #.........   100%        6    #######
 Death Channel            Necr           #.........   100%        6    #######
 Eringya's Noxious Bog    Tmut/Pois      #.........   100%        6    #######
 Freezing Cloud           Conj/Ice/Air   #.........   100%        6    #######
 Hydra Form               Tmut           #.........   100%        6    #######
 Invisibility             Hex            #.......     100%        6    #######
 Iron Shot                Conj/Erth      #.........   100%        6    #######
 Simulacrum               Ice/Necr       #.........   100%        6    #######
 Starburst                Conj/Fire      #.........   100%        6    #######
 Statue Form              Tmut/Erth      #........    100%        6    #######
 Dragon Form              Tmut           #.........   100%        7    #######
 Ring of Flames           Chrm/Fire      #.........   100%        7    #######
 Summon Hydra             Summ           #.........   100%        7    #######
 Chain Lightning          Conj/Air       #.........   100%        8    #######
 Discord                  Hex            #.........   100%        8    #######
 Ignition                 Fire           #.........   100%        8    #######
 Lehudib's Crystal Spear  Conj/Erth      #.........   100%        8    #######
 Absolute Zero            Ice            #.........   100%        9    #######
 Dragon's Call            Summ           #.........   100%        9    #######
 Fire Storm               Conj/Fire      #.........   100%        9    #######
 Shatter                  Erth           #.........   100%        9    #######
 Tornado                  Air            #.........   100%        9    #######


Dungeon Overview and Level Annotations

Branches:
Dungeon (15/15)            Temple (1/1) D:4            Lair (6/6) D:8
  Swamp (4/4) Lair:4        Snake (4/4) Lair:4        Slime (0/5) Lair:5
    Orc (2/2) D:9             Elf (3/3) Orc:2        Vaults (5/5) D:13
  Crypt (3/3) Vaults:3       Tomb (3/3) Crypt:3      Depths (5/5) D:15
    Zot (0/5) Depths:5    Gauntlet (visited)

Altars:
Ashenzari
Cheibriados
Dithmenos
Elyvilon
Fedhas
Gozag
Hepliaklqana
Kikubaaqudgha
Makhleb
Nemelex Xobeh
Okawaru
Qazlal
Ru
Sif Muna
Trog
Uskayaw
Vehumet
Wu Jian
Xom
Yredelemnul
Zin
The Shining One
Jiyva
Lugonu

Shops:
D:4 }   D:6 ?   D:13 (   D:15 *[}   Orc:2 %*[}(   Elf:3 :   Snake:3 %?[!
Vaults:1 =   Vaults:4 =   Depths:4 (*[   Depths:5 (*

Portals:
Hell: Depths:1 Depths:2 Depths:3 Depths:4 Depths:5
Abyss: Depths:4
Pandemonium: Depths:3
Ziggurat: Depths:4
Trove: D:12 (give 7 scrolls of blinking)

Annotations:
Elf:2 1 runed translucent door


Innate Abilities, Weirdness & Mutations

You reflexively headbutt those who attack you in melee.
You have a pair of horns on your head.
You tend to lose your temper in combat.
Scrolls take you a little longer to read.
You are very clumsy. (Dex -4)
You occasionally shout uncontrollably at your foes.


Message History

The death scarab closely misses you. You furiously retaliate!
You headbutt the death scarab!
You destroy the death scarab!
The death scarab's corpse disappears in a puff of smoke!
The death scarab completely misses you. You furiously retaliate!
You headbutt the death scarab!
You riposte.
You slice the death scarab!!
You destroy the death scarab!
The death scarab's corpse disappears in a puff of smoke!
The jiangshi claws you but does no damage. x2
The emperor scorpion stings you but does no damage.
The emperor scorpion completely misses you. x2
The mummy priest utters an invocation to its god.
The jiangshi closely misses you. You furiously retaliate!
You headbutt the jiangshi!
You riposte.
You slice the jiangshi!!
The jiangshi is heavily damaged.
The jiangshi completely misses you.
The mummy priest mumbles some strange prayers to its god.
The greater mummy points at you and mumbles some strange words.
Something smites you!
You die... #VM

....#....W..MM. ##M.
............MWZ...# #####sZM
#...........MMM.W..###§§z§§.#
#.........s.MM.n^).##§zz§§§##
#.........ssM.Z..####§#####
#........ZsMMMM..##.z§.###
#.......Msss...##.......###
#.(...Mss@zV.##..........# .
#.....sV§..##<..........#
.^..##^.......##....^.....$$$
?....##.$s..z##..^........$$$
....M #......##..........($$:
...Z..#......#.........}[$$|)
:..M..#..$...#.......$)$"|[=:
$^....'?.....'.......$$|}}|[#
$.....#......#. ....")$}[|"##


You could see 2 greater mummies, 10 emperor scorpions, an ancient champion, 2
mummy priests, a jiangshi, 2 flayed ghosts, 8 guardian mummies, a vampire, a
death scarab, a necrophage, a shadow, 3 mummies, a wight, a spiny frog skeleton,
a swamp dragon skeleton and a minotaur skeleton.

Vanquished Creatures
  Mara (Snake:4)
  Mennas (Vaults:3)
  2 ancient liches
  Sojobo (Depths:5)
  Bai Suzhen (Vaults:5)
  Frederick (Depths:2)
  4 caustic shrikes (Depths:4)
  4 golden dragons
  Jory (Crypt:2)
  2 bone dragons
  7 liches
  A pearl dragon (Depths:1)
  Rupert (D:12)
  A hellephant (Vaults:1)
  6 tentacled monstrosities
  2 deep elf blademasters
  7 titans
  A tentacled starspawn (Abyss:3)
  2 deep elf master archers (Elf:3)
  12 ancient champions
  Asterion (Vaults:3)
  Gastronok (Lair:3)
  10 sphinxes
  2 thorn hunters (Swamp:4)
  10 shadow dragons
  9 tengu reavers
  4 storm dragons
  A draconian monk (Depths:5)
  8 nagarajas
  3 revenants
  8 deep elf sorcerers
  5 fire giants
  19 vault wardens
  A cacodemon (Abyss:3)
  An iron dragon (Depths:5)
  4 frost giants
  Louise (Orc:2)
  An orc warlord (Vaults:5)
  A curse skull (Crypt:2)
  Aizul (Snake:3)
  9 deep elf elementalists
  A caustic shrike zombie (Depths:2)
  2 spriggan defenders (Depths:4)
  5 draconian annihilators
  2 balrugs
  11 ironheart preservers
  17 stone giants
  2 reapers
  6 ghouls
  An ophan (Depths:1)
  10 very ugly things
  4 war gargoyles
  An apis (Depths:1)
  3 caustic shrike skeletons
  3 green draconians
  A stone giant (shapeshifter) (Vaults:5)
  An entropy weaver (Vaults:4)
  A black draconian (Depths:5)
  4 bennus
  A lorocyproca (Abyss:3)
  A minotaur (Gauntlet)
  5 vampire knights
  10 deep elf annihilators
  Azrael (Orc:1)
  A dire elephant (Lair:6)
  7 deep elf demonologists (Elf:3)
  4 white draconians (Depths:5)
  4 spark wasps (Depths:3)
  5 merfolk javelineers
  8 statues (Depths:2)
  An eidolon (Crypt:2)
  3 jiangshi
  12 mummy priests
  12 ettins
  13 fire dragons
  Josephine (D:15)
  A merfolk impaler (Depths:3)
  7 deep elf high priests (Elf:3)
  10 deep elf death magi
  20 yaktaur captains
  8 great orbs of eyes
  2 rakshasas
  32 vault guards
  14 naga warriors
  24 hydras
  Fannar (Lair:2)
  A caustic shrike simulacrum (Depths:1)
  7 ice dragons
  8 spriggan air magi
  A catoblepas (Lair:6)
  A ghost crab (Swamp:4)
  The ghost of Roudd the Frost Mage, a journeyman GrIE of Sif Muna (D:12)
  23 anacondas
  2 shambling mangroves (Swamp:1)
  4 death knights
  46 two-headed ogres
  8 centaur warriors
  12 alligators
  8 death yaks
  11 death scarabs
  2 vampire magi
  17 ogre magi
  4 orc high priests
  14 deep troll shamans
  4 hell hogs (Abyss:3)
  15 deep troll earth magi
  10 naga sharpshooters
  6 tengu warriors
  2 thrashing horrors (Abyss:3)
  29 dancing weapons
  12 shock serpents
  5 spriggan berserkers
  Sonja (Lair:2)
  26 deep elf knights
  3 shadow wraiths
  A wretched star (Abyss:3)
  Nergalle (D:12)
  2 soul eaters (Crypt:2)
  5 salamander mystics
  36 deep trolls
  8 iron trolls
  An iron giant zombie (Crypt:3)
  2 sixfirhies (Abyss:3)
  6 titan skeletons
  A fire crab (Gauntlet)
  15 hell knights
  5 small abominations
  7 large abominations
  3 unseen horrors (D:14)
  3 spriggan druids
  3 glowing orange brains
  A sea snake (Snake:2)
  25 skeletal warriors
  A golden dragon zombie (Depths:2)
  18 deep elf archers
  7 flayed ghosts
  15 swamp dragons
  7 naga ritualists
  3 wizards
  A golden dragon skeleton (Depths:1)
  10 phantasmal warriors
  8 necromancers
  3 harpies (Vaults:3)
  14 mana vipers
  17 ironbrand convokers
  An anaconda skeleton (Crypt:3)
  6 lindwurms
  5 wolf spiders
  A tengu zombie (Vaults:5)
  17 orc knights
  11 orc sorcerers
  A mana viper (shapeshifter) (D:15)
  75 deep elf magi
  2 shadow dragon skeletons (Crypt:3)
  8 cyclopes
  12 elephants
  5 manticores
  9 salamanders
  23 ugly things
  A shock serpent zombie (Crypt:3)
  2 worldbinders (Abyss:3)
  2 fire giant skeletons (Crypt:3)
  A moth of wrath (Gauntlet)
  9 guardian serpents
  A frost giant skeleton (Depths:2)
  47 black mambas
  2 human skeletons (Vaults:5)
  2 iron dragon skeletons (Crypt:3)
  22 naga magi
  2 torpor snails (shapeshifter)
  14 vault sentinels
  A spiny frog (shapeshifter) (Vaults:2)
  A stone giant skeleton (Crypt:3)
  A spriggan zombie (Depths:1)
  2 torpor snails
  21 spiny frogs
  3 smoke demons (Abyss:3)
  An elephant slug zombie (Crypt:3)
  A green draconian zombie (Crypt:2)
  13 freezing wraiths
  8 komodo dragons
  A catoblepas zombie (Crypt:3)
  3 spriggan skeletons
  5 rime drakes
  An efreet (D:15)
  Maggie (D:9)
  3 minotaur zombies
  76 yaktaurs
  A demonic crawler (Vaults:1)
  2 meliai (shapeshifter)
  27 guardian mummies
  6 trolls
  A red devil (Abyss:3)
  5 tengu conjurers
  A troll (shapeshifter) (Depths:2)
  A polar bear (shapeshifter) (Vaults:1)
  3 ancient zymes (Abyss:3)
  10 tyrant leeches
  A polar bear (D:13)
  An iron troll skeleton (Crypt:1)
  3 harpy skeletons
  A tyrant leech (shapeshifter) (Vaults:5)
  12 hornets
  18 blink frogs
  A hydra skeleton (Crypt:3)
  5 raiju (Abyss:3)
  An ice dragon zombie (Depths:1)
  A hippogriff (shapeshifter) (Vaults:5)
  16 bog bodies
  27 slime creatures
  10 hippogriffs
  A fire giant simulacrum (Depths:2)
  An alligator zombie (Crypt:2)
  5 air elementals
  14 dream sheep
  A frost giant simulacrum (Depths:2)
  A satyr zombie (Crypt:2)
  4 starcursed masses (Abyss:3)
  2 ettin skeletons (Crypt:3)
  A deep troll skeleton (Depths:1)
  11 flying skulls
  An ice dragon skeleton (Depths:1)
  19 water elementals
  A black mamba zombie (Tomb:2)
  An ettin zombie (Crypt:1)
  2 centaur simulacra (D:15)
  52 yaks
  A shapeshifter (Depths:2)
  12 wraiths
  2 wyverns
  4 shadows
  11 ushabtiu
  6 spriggans
  4 hogs (D:7)
  2 basilisks
  6 fire elementals
  A neqoxec (Abyss:3)
  A human (D:7)
  A basilisk (shapeshifter) (Depths:1)
  4 fire bats (Gauntlet)
  3 hungry ghosts
  A chaos spawn (Abyss:3)
  19 vampire mosquitoes
  2 steam dragons (Lair:6)
  42 nagas
  20 swamp worms
  2 wargs
  14 insubstantial wisps
  3 acid dragons
  A torturous demonspawn skeleton (Crypt:1)
  5 hell hounds
  6 porcupines
  24 water moccasins
  A faun skeleton (Crypt:2)
  39 orc warriors
  A swamp drake (shapeshifter) (Vaults:3)
  A swamp dragon zombie (Crypt:3)
  25 swamp drakes
  An ettin simulacrum (Depths:2)
  An eye of draining (D:15)
  A dream sheep zombie (Crypt:2)
  6 sky beasts
  A manticore zombie (Tomb:1)
  An eye of draining (shapeshifter) (Vaults:1)
  11 ice beasts
  A sky beast (shapeshifter) (Vaults:5)
  45 ogres
  5 boggarts
  7 necrophages
  4 phantoms
  10 wolves
  14 centaurs
  16 crocodiles
  A hog zombie (Crypt:2)
  A snapping turtle skeleton (Crypt:3)
  An elf zombie (Elf:1)
  A rime drake zombie (Crypt:1)
  Blork the orc (D:6)
  A rime drake skeleton (Crypt:3)
  3 big kobolds
  A komodo dragon zombie (Crypt:3)
  15 bullfrogs
  A yaktaur skeleton (Crypt:2)
  4 earth elementals
  A cyclops skeleton (Crypt:2)
  3 scorpions
  A human simulacrum (Vaults:1)
  A troll zombie (D:7)
  25 wights
  2 vampire bats (Lair:1)
  10 howler monkeys
  2 jellies
  6 crimson imps
  5 centaur zombies
  A jelly (shapeshifter) (Depths:5)
  A quasit (D:11)
  5 human zombies (D:7)
  5 centaur skeletons
  A wyvern simulacrum (D:13)
  8 hounds
  A bullfrog skeleton (D:13)
  22 orc priests
  A basilisk zombie (Crypt:3)
  27 orc wizards
  A gnoll shaman (Orc:1)
  4 iguanas
  2 iron imps (Abyss:3)
  Ijyb (D:5)
  A hell rat (Lair:6)
  9 worker ants
  8 ogre zombies (D:9)
  A felid zombie (Crypt:2)
  An acid dragon skeleton (Crypt:2)
  2 hound zombies
  2 tengu skeletons
  18 mummies
  A worker ant zombie (D:10)
  4 gnolls (Orc:1)
  A howler monkey skeleton (D:9)
  18 adders
  4 shadow imps
  A white imp (D:13)
  4 oozes
  An adder zombie (D:4)
  2 adder skeletons
  2 worms
  3 dart slugs
  6 leopard geckos
  117 orcs
  14 bats
  A bat skeleton (Crypt:1)
  6 giant cockroaches
  10 hobgoblins
  12 jackals
  17 kobolds
  A quokka (D:5)
  4 ball pythons
  5 frilled lizards
  A frilled lizard skeleton (Crypt:3)
  A giant cockroach zombie (D:6)
  10 goblins
  2 goblin skeletons
  3 goblin zombies
  2 hobgoblin skeletons (D:9)
  2 hobgoblin zombies (D:9)
  A jackal skeleton (Crypt:1)
  A leopard gecko skeleton (D:7)
  A leopard gecko zombie (D:6)
  An orc skeleton (D:9)
  18 orc zombies
  2 quokka skeletons
  8 rats
  A crawling corpse (Elf:3)
  3 fire vortices (Depths:2)
  2 plants
  7 withered plants (Crypt:3)
2543 creatures vanquished.

Vanquished Creatures (collateral kills)
  the Lernaean hydra (Swamp:4)
1 creature vanquished.

Vanquished Creatures (others)
  A very ugly thing (Depths:5)
  A vampire knight (Crypt:3)
  A deep elf annihilator (Depths:2)
  A vault guard (Vaults:5)
  A spriggan air mage (Depths:2)
  A thrashing horror (Abyss:3)
  A deep elf knight (Vaults:3)
  A swamp dragon (Swamp:3)
  2 deep elf magi
  A bog body (Swamp:2)
  A spriggan (Swamp:4)
  2 ushabtiu (Tomb:2)
  A swamp drake (Swamp:3)
  A big kobold (shapeshifter) (Vaults:1)
  A small abomination (Abyss:3)
  An iguana (Lair:6)
  3 demonic plants (Gauntlet)
  18 fungi
  18 plants
  11 starspawn tentacles (Abyss:3)
68 creatures vanquished.

Grand Total: 2612 creatures vanquished

Notes
Turn   | Place    | Note
-------+----------+-------------------------------------------
     0 | D:1      | FishTaco the Minotaur Hunter began the quest for the Orb.
     0 | D:1      | Reached XP level 1. HP: 18/18 MP: 0/0
    47 | D:1      | Reached XP level 2. HP: 22/25 MP: 1/1
   416 | D:1      | Reached XP level 3. HP: 30/31 MP: 2/2
   885 | D:2      | Found a shimmering altar of Xom.
  1183 | D:2      | Reached skill level 5 in Crossbows
  1217 | D:2      | Reached XP level 4. HP: 40/40 MP: 3/3
  1458 | D:2      | Found a glowing golden altar of the Shining One.
  1893 | D:2      | Reached XP level 5. HP: 44/46 MP: 4/4
  3123 | D:3      | Found an iron altar of Okawaru.
  3276 | D:3      | Found a bloodstained altar of Trog.
  3467 | D:4      | Found Icwaowau's Gadget Shoppe.
  3593 | D:4      | Found a staircase to the Ecumenical Temple.
  3613 | Temple   | Entered the Ecumenical Temple
  3989 | D:4      | Reached XP level 6. HP: 36/55 MP: 5/5
  4121 | D:4      | Reached skill level 5 in Fighting
  4717 | D:3      | Became a worshipper of Warmaster Okawaru
  5030 | D:5      | Entered Level 5 of the Dungeon
  5035 | D:4      | Reached skill level 5 in Dodging
  5258 | D:5      | Noticed Ijyb
  5261 | D:5      | Reached XP level 7. HP: 62/62 MP: 6/6
  5272 | D:5      | Killed Ijyb
  5385 | D:5      | Found a shattered altar of Ashenzari.
  5446 | D:5      | Reached * piety under Okawaru
  5763 | D:5      | Found the +0 sword of Power
  5845 | D:5      | Reached skill level 1 in Armour
  5848 | D:5      | Reached skill level 1 in Long Blades
  6242 | D:5      | Reached XP level 8. HP: 70/71 MP: 7/7
  6798 | D:6      | Reached ** piety under Okawaru
  7165 | D:6      | Found Rohiusie's Magic Scroll Boutique.
  7731 | D:6      | Noticed Blork the orc
  7744 | D:6      | Killed Blork the orc
  8180 | D:7      | Reached XP level 9. HP: 57/81 MP: 8/8
  8216 | D:7      | Found an opulent altar of Gozag.
  8299 | D:7      | Reached skill level 5 in Long Blades
  8299 | D:7      | Reached skill level 5 in Armour
  8472 | D:7      | Got an ichor-stained leather armour
  8483 | D:7      | Identified the +1 leather armour of Ini Nir {Str+3} (You
                  | found it on level 7 of the Dungeon)
  8524 | D:7      | Reached *** piety under Okawaru
  8802 | D:7      | Found a basalt altar of Yredelemnul.
  9078 | D:7      | Found a white marble altar of Elyvilon.
  9192 | D:7      | Reached **** piety under Okawaru
  9363 | D:8      | Reached XP level 10. HP: 89/90 MP: 9/9
  9403 | D:8      | Found a blossoming altar of Fedhas.
  9467 | D:8      | You fall into a shaft and drop 3 floors!
  9475 | D:11     | Received a gift from Okawaru
  9564 | D:10     | Entered Level 10 of the Dungeon
  9566 | D:10     | Noticed a two-headed ogre
  9997 | D:10     | Noticed a manticore
 10069 | D:9      | Found a staircase to the Orcish Mines.
 10927 | D:8      | Noticed an elephant
 10934 | D:8      | Reached skill level 10 in Fighting
 10952 | D:9      | Killed an elephant
 10952 | D:9      | Received a gift from Okawaru
 10952 | D:9      | Reached skill level 10 in Crossbows
 10990 | D:9      | Noticed Maggie
 11473 | D:9      | Found a burning altar of Makhleb.
 11635 | D:9      | Found a stormy altar of Qazlal.
 12113 | D:9      | Found a snail-covered altar of Cheibriados.
 12183 | D:9      | Killed Maggie
 12183 | D:9      | Received a gift from Okawaru
 13011 | D:8      | Found a staircase to the Lair.
 13113 | D:8      | Found a hazy altar of Hepliaklqana.
 13336 | D:6      | Bought a scroll of teleportation for 45 gold pieces
 13336 | D:6      | Bought a scroll of teleportation for 45 gold pieces
 13336 | D:6      | Bought a scroll of immolation for 52 gold pieces
 13336 | D:6      | Bought a scroll of teleportation for 45 gold pieces
 13340 | D:6      | Bought a scroll of teleportation for 45 gold pieces
 13340 | D:6      | Bought a scroll of magic mapping for 52 gold pieces
 13720 | Lair:1   | Entered Level 1 of the Lair of Beasts
 13742 | Lair:1   | Noticed a spiny frog
 13752 | Lair:1   | Killed a spiny frog
 13752 | Lair:1   | Received a gift from Okawaru
 14516 | Lair:1   | Reached XP level 11. HP: 100/100 MP: 10/10
 14673 | Lair:1   | Received a gift from Okawaru
 14673 | Lair:1   | Reached XP level 12. HP: 109/109 MP: 11/11
 15581 | Lair:1   | Reached ***** piety under Okawaru
 15581 | Lair:1   | Received a gift from Okawaru
 16014 | Lair:1   | Got a pair of jewelled gloves
 16020 | Lair:1   | Identified the +3 pair of gloves of the Moon {*Slow Dex+5
                  | SInv} (You found it on level 1 of the Lair of Beasts)
 16222 | Lair:2   | Noticed Fannar
 16682 | Lair:2   | Noticed Sonja
 17028 | Lair:2   | Reached skill level 10 in Armour
 17266 | Lair:2   | Killed Fannar
 17538 | Lair:2   | Received a gift from Okawaru
 17926 | Lair:2   | Received a gift from Okawaru
 18089 | Lair:2   | Noticed a five-headed hydra
 18178 | Lair:2   | Killed an eight-headed hydra
 18417 | Lair:2   | Received a gift from Okawaru
 18927 | Lair:2   | Killed Sonja
 19144 | Lair:3   | Noticed Gastronok
 19144 | Lair:3   | Noticed a six-headed hydra
 19779 | Lair:3   | Reached XP level 13. HP: 94/121 MP: 12/12
 20214 | Lair:3   | Reached skill level 15 in Long Blades
 20312 | Lair:3   | Killed Gastronok
 21401 | Lair:4   | Received a gift from Okawaru
 21415 | Lair:4   | Found a staircase to the Snake Pit.
 21641 | Lair:4   | Received a gift from Okawaru
 23424 | Lair:4   | Found a staircase to the Swamp.
 23712 | Lair:5   | Found a runed translucent door.
 23714 | Lair:5   | Found a viscous altar of Jiyva.
 23716 | Lair:5   | Found a staircase to the Slime Pits.
 23772 | Lair:5   | Got a creamy pearl robe
 23783 | Lair:5   | Identified the +1 robe of Purpose {rF++ Regen+ Str+2 Dex-4}
                  | (You found it on level 5 of the Lair of Beasts)
 23815 | Lair:5   | You fall into a shaft and drop 1 floor!
 23815 | Lair:6   | Entered Level 6 of the Lair of Beasts
 23927 | Lair:5   | Reached ****** piety under Okawaru
 23927 | Lair:5   | Reached XP level 14. HP: 99/132 MP: 13/13
 24278 | Lair:5   | Received a gift from Okawaru
 24839 | Lair:6   | Received a gift from Okawaru
 26370 | Lair:6   | Reached skill level 15 in Fighting
 26374 | Lair:6   | Reached skill level 10 in Dodging
 27998 | Orc:1    | Entered Level 1 of the Orcish Mines
 28045 | Orc:2    | Entered Level 2 of the Orcish Mines
 28045 | Orc:2    | Noticed Azrael
 28728 | Orc:1    | Killed Azrael
 28734 | Orc:1    | Received a gift from Okawaru
 29531 | Orc:2    | Found a staircase to the Elven Halls.
 29945 | Orc:2    | Found Emib's Weapon Emporium.
 32285 | Orc:2    | Found Ilaloona's Gadget Emporium.
 32285 | Orc:2    | Found Peong's Food Boutique.
 32287 | Orc:2    | Found Elapliph's Armour Emporium.
 32287 | Orc:2    | Found Lucvaont's General Store.
 33017 | Orc:1    | Reached XP level 15. HP: 121/143 MP: 14/14
 34960 | D:11     | Found a basalt altar of Yredelemnul.
 35071 | D:11     | Found a glowing golden altar of the Shining One.
 35396 | D:12     | Noticed Nergalle
 35403 | D:12     | Killed Nergalle
 35873 | D:12     | Received a gift from Okawaru
 36127 | D:12     | Found a runed translucent door.
 36127 | D:12     | Noticed Roudd's ghost (journeyman GrIE)
 36152 | D:12     | Killed Roudd's ghost
 36220 | D:12     | Found a portal to a secret trove of treasure.
 36220 | D:12     | Noticed Rupert
 36235 | D:12     | Killed Rupert
 36608 | D:13     | Found Meraucve's Weapon Emporium.
 36686 | D:13     | Found a shimmering altar of Xom.
 36686 | D:13     | Found a bloodstained altar of Trog.
 36687 | D:13     | Noticed a storm dragon
 37657 | D:13     | Received a gift from Okawaru
 38040 | D:13     | Found a gate to the Vaults.
 38846 | D:14     | Received a gift from Okawaru
 39669 | D:15     | Entered Level 15 of the Dungeon
 39670 | D:15     | Found Muatuqoe's Gadget Shop.
 39679 | D:15     | Found Geppepid's Antique Armour Boutique.
 39693 | D:15     | Bought a scorched plate armour for 840 gold pieces
 39703 | D:15     | Identified the +9 plate armour "Ameadup" {*Corrode rF+ MR+
                  | MP+9} (You bought it in a shop on level 15 of the Dungeon)
 39777 | D:15     | Found Tyosmi's Assorted Antiques.
 39848 | D:15     | Found a gate leading to a gauntlet.
 39858 | Gauntlet | Entered a Gauntlet
 39858 | Gauntlet | Found a transporter.
 39874 | Gauntlet | Found a transporter.
 39884 | Gauntlet | Found a transporter.
 39912 | Gauntlet | Found a transporter.
 39914 | Gauntlet | Found a transporter.
 39916 | Gauntlet | Found a transporter.
 39941 | Gauntlet | Found a transporter.
 39952 | Gauntlet | Found a transporter.
 40021 | Gauntlet | Found a transporter.
 40085 | Gauntlet | Found a transporter.
 40106 | Gauntlet | Got a scintillating lead amulet
 40151 | Gauntlet | Found a transporter.
 40225 | Gauntlet | Found a transporter.
 40227 | Gauntlet | Identified the amulet of Ekkur {rElec rPois Regen+ Str+5
                  | Dex-5} (You found it in a Gauntlet)
 40238 | Gauntlet | Received a gift from Okawaru
 40282 | Gauntlet | Got a pair of crude gloves
 40284 | Gauntlet | Found a transporter.
 40286 | Gauntlet | Found a transporter.
 40321 | Gauntlet | Identified the cursed +0 pair of gloves of the Orcish Mines
                  | {Regen+} (You found it in a Gauntlet)
 40590 | D:15     | Noticed Josephine
 40596 | D:15     | Killed Josephine
 40780 | D:15     | Reached XP level 16. HP: 120/152 MP: 15/15
 41026 | D:15     | Received a gift from Okawaru
 41178 | D:15     | Bought a scroll of teleportation for 75 gold pieces
 41178 | D:15     | Bought a potion of heal wounds for 125 gold pieces
 41178 | D:15     | Bought a wand of acid (9) for 200 gold pieces
 41248 | D:15     | Found a sacrificial altar of Ru.
 41584 | D:15     | Found a staircase to the Depths.
 41596 | D:15     | Received a gift from Okawaru
 41874 | D:15     | Identified a scroll of acquirement
 42375 | Lair:6   | Identified a +2 pair of boots of running (Okawaru gifted it
                  | to you on level 6 of the Lair of Beasts)
 42644 | D:12     | Killed a storm dragon
 43212 | Swamp:1  | Entered Level 1 of the Swamp
 43235 | Swamp:1  | Received a gift from Okawaru
 43241 | Swamp:1  | Got a heavy robe {god gift}
 44483 | Swamp:2  | Reached skill level 15 in Dodging
 45260 | Swamp:2  | Received a gift from Okawaru
 45693 | Swamp:3  | Found a transporter.
 45758 | Swamp:3  | Found a transporter.
 46735 | D:4      | Bought a phantom mirror for 420 gold pieces
 46735 | D:4      | Bought a phantom mirror for 420 gold pieces
 47043 | Swamp:4  | Entered Level 4 of the Swamp
 47277 | Swamp:4  | Got a fine lajatang
 47278 | Swamp:4  | Identified the +11 lajatang "Vajanywn" {pain, +Inv rC+}
                  | (You found it on level 4 of the Swamp)
 47473 | Swamp:4  | Reached XP level 17. HP: 159/159 MP: 16/16
 47793 | Swamp:4  | Received a gift from Okawaru
 47863 | Swamp:4  | Got a dazzling arbalest
 47864 | Swamp:4  | Identified the +10 arbalest of Peril {freeze, rPois rF-
                  | rC++ rN+} (You found it on level 4 of the Swamp)
 47959 | Swamp:4  | Received a gift from Okawaru
 48110 | Swamp:4  | Received a gift from Okawaru
 48532 | Swamp:4  | Received a gift from Okawaru
 48538 | Swamp:4  | Got a bone great sword {god gift}
 48539 | Swamp:4  | Identified the +8 great sword "Mecoxel" {vorpal, +Rage
                  | Str+3 SInv} (Okawaru gifted it to you on level 4 of the
                  | Swamp)
 48556 | Swamp:4  | Noticed the 27-headed Lernaean hydra
 48562 | Swamp:4  | Killed the 27-headed Lernaean hydra
 48574 | Swamp:4  | Got a decaying rune of Zot
 48791 | Snake:1  | Entered Level 1 of the Snake Pit
 49821 | Snake:2  | Received a gift from Okawaru
 49855 | Snake:2  | Got a scintillating ruby amulet
 49857 | Snake:2  | Identified the amulet "Loxeemp" {Acrobat Str+3} (You found
                  | it on level 2 of the Snake Pit)
 50112 | Snake:2  | Received a gift from Okawaru
 50115 | Snake:2  | Got a smoking great sword {god gift}
 50136 | Snake:2  | Identified the +7 great sword of Reinforcement {flame,
                  | *Noise rElec Int+6} (Okawaru gifted it to you on level 2 of
                  | the Snake Pit)
 51100 | Snake:3  | Found Damit's Food Boutique.
 51148 | Snake:3  | Found Feghapp's Distillery.
 51151 | Snake:3  | Found Hish's Antique Armour Boutique.
 51153 | Snake:3  | Found Xumur's Magic Scroll Shop.
 51165 | Snake:3  | Bought a potion of invisibility for 96 gold pieces
 51165 | Snake:3  | Bought a potion of resistance for 120 gold pieces
 51165 | Snake:3  | Bought a potion of curing for 36 gold pieces
 51165 | Snake:3  | Bought 2 potions of curing for 72 gold pieces
 51165 | Snake:3  | Bought a potion of curing for 36 gold pieces
 51165 | Snake:3  | Bought a potion of curing for 36 gold pieces
 51165 | Snake:3  | Bought a potion of heal wounds for 60 gold pieces
 51165 | Snake:3  | Bought a potion of haste for 120 gold pieces
 51169 | Snake:3  | Bought 2 scrolls of teleportation for 72 gold pieces
 51213 | Snake:3  | Reached skill level 15 in Crossbows
 51423 | Snake:3  | Received a gift from Okawaru
 51428 | Snake:3  | Reached XP level 18. HP: 122/169 MP: 17/17
 51587 | Snake:3  | Noticed Aizul
 51600 | Snake:3  | Killed Aizul
 51600 | Snake:3  | Received a gift from Okawaru
 52544 | Snake:4  | Entered Level 4 of the Snake Pit
 52724 | Snake:4  | Noticed Mara
 52728 | Snake:4  | Noticed FishTaco's illusion
 52974 | Snake:4  | Killed Mara
 53774 | Snake:4  | Received a gift from Okawaru
 54185 | Snake:4  | Received a gift from Okawaru
 54455 | Snake:4  | Got a serpentine rune of Zot
 54577 | Snake:4  | Received a gift from Okawaru
 54582 | Snake:4  | Reached XP level 19. HP: 180/180 MP: 18/18
 55639 | Elf:1    | Entered Level 1 of the Elven Halls
 55639 | Elf:1    | Noticed Louise
 55669 | Orc:2    | Killed Louise
 55882 | Elf:1    | Found a radiant altar of Vehumet.
 56402 | Elf:1    | Identified the Compendium of Evil
 56706 | Elf:1    | Reached skill level 15 in Armour
 56738 | Elf:1    | Received a gift from Okawaru
 57172 | Elf:2    | Received a gift from Okawaru
 57263 | Elf:2    | Found a runed translucent door.
 57289 | Elf:2    | Found a runed translucent door.
 57514 | Elf:2    | Received a gift from Okawaru
 58027 | Elf:3    | Entered Level 3 of the Elven Halls
 58856 | Elf:3    | Identified the +2 flail of True Grit {drain, rElec rPois}
 58917 | Elf:3    | Found Amein's Book Shoppe.
 58956 | Elf:3    | Received a gift from Okawaru
 58973 | Elf:3    | Identified the +3 trident "Diomir" {freeze, rPois Int+4
                  | Dex+4}
 59037 | Elf:3    | Reached XP level 20. HP: 189/189 MP: 19/19
 59111 | Elf:3    | Received a gift from Okawaru
 59242 | Elf:3    | Identified the Compendium of Fiery Flight
 59260 | Elf:3    | Got an ancient dagger
 59261 | Elf:3    | Identified the +5 dagger "Ociraess" {vorpal, rPois} (You
                  | found it on level 3 of the Elven Halls)
 59360 | Elf:3    | Identified the +1 robe of Ojiv {rPois rCorr Int-3 Dex+4}
 59618 | Elf:3    | Identified the ring "Fudyrgha" {rCorr Str+3} (You acquired
                  | it on level 3 of the Elven Halls)
 59657 | Elf:3    | Received a gift from Okawaru
 59661 | Elf:3    | Got a pair of polished gloves {god gift}
 59674 | Elf:3    | Identified the -6 pair of gloves of Kurreibb {Dex+3}
                  | (Okawaru gifted it to you on level 3 of the Elven Halls)
 59816 | Elf:3    | Identified the +2 plate armour of Mofeumne {+Fly rElec
                  | Int+3 Dex+3}
 60627 | Snake:3  | Bought the +2 hat of the Bear Spirit {Spirit, +Rage rN+
                  | MR++} for 1407 gold pieces
 60627 | Snake:3  | Found the +2 hat of the Bear Spirit {Spirit, +Rage rN+
                  | MR++}
 61322 | Vaults:1 | Entered Level 1 of the Vaults
 62035 | Vaults:1 | Found Innal's Jewellery Emporium.
 62448 | Vaults:1 | Cast into level 3 of the Abyss (hell knight)
 62535 | Abyss:3  | Found a runed door.
 62558 | Abyss:3  | Found a huge runed gate.
 62559 | Abyss:3  | Found a huge runed gate.
 62560 | Abyss:3  | Found a huge runed gate.
 62561 | Abyss:3  | Found a huge runed gate.
 62562 | Abyss:3  | Found a huge runed gate.
 62563 | Abyss:3  | Found a huge runed gate.
 62578 | Abyss:3  | Found a runed door.
 62581 | Abyss:3  | Found a runed gate.
 62586 | Abyss:3  | Found a huge runed gate.
 62586 | Abyss:3  | Found a huge runed gate.
 62586 | Abyss:3  | Found a huge runed gate.
 62586 | Abyss:3  | Found a huge runed gate.
 62586 | Abyss:3  | Found a huge runed gate.
 62586 | Abyss:3  | Found a huge runed gate.
 62586 | Abyss:3  | Found a huge runed gate.
 62587 | Abyss:3  | Found a huge runed gate.
 62588 | Abyss:3  | Found a huge runed gate.
 62589 | Abyss:3  | Found a huge runed gate.
 62591 | Abyss:3  | Found a huge runed gate.
 62591 | Abyss:3  | Found a runed gate.
 62920 | Abyss:3  | Received a gift from Okawaru
 62958 | Abyss:3  | Gained mutation: You frequently scream uncontrollably at
                  | your foes. [a cacodemon]
 62973 | Abyss:3  | Received a gift from Okawaru
 62997 | Vaults:1 | Escaped the Abyss
 63004 | Vaults:1 | Reached XP level 21. HP: 86/198 MP: 15/20
 63180 | Vaults:1 | Found the +6 arbalest "Damnation" {damnation}
 63194 | Vaults:1 | Received a gift from Okawaru
 63260 | Vaults:1 | Got a brightly glowing arbalest
 63261 | Vaults:1 | Identified the +9 arbalest "Bogafis Ilynn" {elec, rF- rC+
                  | rN+} (You found it on level 1 of the Vaults)
 63594 | Vaults:1 | Found a huge runed gate.
 63594 | Vaults:1 | Found a huge runed gate.
 63594 | Vaults:1 | Found a huge runed gate.
 63594 | Vaults:1 | Found a huge runed gate.
 63594 | Vaults:1 | Found a huge runed gate.
 63594 | Vaults:1 | Found a huge runed gate.
 63595 | Vaults:1 | Found a huge runed gate.
 63595 | Vaults:1 | Found a huge runed gate.
 63595 | Vaults:1 | Found a huge runed gate.
 63595 | Vaults:1 | Found a huge runed gate.
 63611 | Vaults:1 | Found a huge runed gate.
 63611 | Vaults:1 | Found a huge runed gate.
 63611 | Vaults:1 | Found a huge runed gate.
 63611 | Vaults:1 | Found a huge runed gate.
 63611 | Vaults:1 | Found a huge runed gate.
 63615 | Vaults:1 | Found a huge runed gate.
 63620 | Vaults:1 | Found a huge runed gate.
 63621 | Vaults:1 | Found a huge runed gate.
 63622 | Vaults:1 | Found a huge runed gate.
 64660 | Vaults:2 | Got a scorched shortbow
 64661 | Vaults:2 | Identified the +10 shortbow of Foolhardiness {venom, rC+
                  | Dex+2} (You found it on level 2 of the Vaults)
 64729 | Vaults:1 | Bought the ring of Elubboist {+Blink rN+++ MP+9 Str-3
                  | Dex+4} for 799 gold pieces
 64813 | Vaults:2 | Received a gift from Okawaru
 65495 | Vaults:2 | Got a pitted hand crossbow
 65496 | Vaults:2 | Identified the +7 hand crossbow of the Common Good {elec,
                  | *Drain +Blink +Inv Dex+4} (You found it on level 2 of the
                  | Vaults)
 66178 | Vaults:3 | Noticed Mennas
 66469 | Vaults:3 | Received a gift from Okawaru
 67318 | Vaults:3 | Noticed Asterion
 67330 | Vaults:3 | Killed Asterion
 67468 | Vaults:3 | Reached XP level 22. HP: 213/213 MP: 21/21
 67786 | Vaults:3 | Found a staircase to the Crypt.
 68220 | Vaults:3 | Killed Mennas
 68368 | Vaults:4 | Noticed a golden dragon
 68392 | Vaults:3 | Killed a golden dragon
 68511 | Vaults:4 | Found Lolainis's Jewellery Shop.
 68575 | Vaults:4 | Received a gift from Okawaru
 68887 | Vaults:4 | Received a gift from Okawaru
 68896 | Vaults:4 | Got a bone arbalest {god gift}
 68897 | Vaults:4 | Identified the +0 arbalest of Indomitability {venom, rElec}
                  | (Okawaru gifted it to you on level 4 of the Vaults)
 70031 | Vaults:5 | Entered Level 5 of the Vaults
 70062 | Vaults:5 | Noticed Bai Suzhen
 70069 | Vaults:4 | Received a gift from Okawaru
 70090 | Vaults:4 | Got a pair of twisted boots {god gift}
 70101 | Vaults:4 | Identified the +0 pair of boots of the Shore {-Cast rPois
                  | Str+6} (Okawaru gifted it to you on level 4 of the Vaults)
 70398 | Vaults:5 | Killed Bai Suzhen
 70408 | Vaults:5 | Reached XP level 23. HP: 219/226 MP: 22/22
 70454 | Vaults:5 | Identified the cursed ring "Sysokh" {+Fly rPois rC- rN++
                  | Dex-3}
 70605 | Vaults:5 | Received a gift from Okawaru
 70634 | Vaults:5 | Identified the cursed +0 great sword of Kismet {freeze, rC-
                  | MR+++ Int+7 SInv}
 70653 | Vaults:5 | Got a scorched glass ring
 70655 | Vaults:5 | Identified the ring "Tiret" {rPois rF- AC+5 Dex+5} (You
                  | found it on level 5 of the Vaults)
 70686 | Vaults:5 | Got a vibrating gossamer ring
 70688 | Vaults:5 | Identified the ring of Atruithi {rC+ MR+} (You found it on
                  | level 5 of the Vaults)
 70779 | Vaults:5 | Received a gift from Okawaru
 70780 | Vaults:5 | Noticed an ancient lich
 70781 | Vaults:5 | Identified the +8 battleaxe of Triumph {pain, *Drain rF++
                  | Str+7}
 70785 | Vaults:5 | Killed an ancient lich
 70914 | Vaults:5 | Got a silver rune of Zot
 71052 | Vaults:5 | Identified the cursed +1 scale mail "Isoklal" {Regen+}
 71069 | Vaults:5 | Received a gift from Okawaru
 71220 | Vaults:5 | Identified the ring of Cheibriados's Esteem {rF+ rC+ Str+4}
 71284 | Vaults:5 | Received a gift from Okawaru
 72573 | Vaults:5 | Identified the Tome of Supportive Heat
 72886 | Vaults:5 | Identified the +1 robe "Sirhuser" {Regen+ Slay+3 Stlth+}
 73228 | Crypt:1  | Entered Level 1 of the Crypt
 73230 | Crypt:1  | Got a heavily runed plate armour
 73241 | Crypt:1  | Identified the +10 plate armour of Creativity {*Drain rElec
                  | Dex+4} (You found it on level 1 of the Crypt)
 73924 | Crypt:2  | Noticed Jory
 73934 | Crypt:2  | Killed Jory
 73934 | Crypt:2  | Received a gift from Okawaru
 73934 | Crypt:2  | Reached XP level 24. HP: 240/240 MP: 22/22
 74816 | Crypt:3  | Entered Level 3 of the Crypt
 75630 | Crypt:3  | Got a flickering turquoise ring
 75632 | Crypt:3  | Identified the ring "Pewioh" {rN+ MR+ Dex+2} (You found it
                  | on level 3 of the Crypt)
 75636 | Crypt:3  | Got a coiled ivory ring
 75638 | Crypt:3  | Identified the ring "Siluev" {rN+ Int+4} (You found it on
                  | level 3 of the Crypt)
 75642 | Crypt:3  | Got a scintillating marble ring
 75644 | Crypt:3  | Identified the ring "Qiadghal" {rN+ Str+8 Dex-3} (You found
                  | it on level 3 of the Crypt)
 75880 | Crypt:3  | Found a staircase to the Tomb.
 76310 | Crypt:3  | Received a gift from Okawaru
 76790 | Crypt:3  | Noticed an ancient lich
 76801 | Crypt:3  | Killed an ancient lich
 77297 | Depths:1 | Entered Level 1 of the Depths
 77860 | Depths:1 | You fall into a shaft and drop 1 floor!
 78206 | Depths:1 | Found a gateway to Hell.
 78444 | Depths:1 | Found a glowing golden altar of the Shining One.
 78447 | Depths:1 | Found a white marble altar of Elyvilon.
 78449 | Depths:1 | Found a glowing silver altar of Zin.
 78807 | Depths:2 | Reached XP level 25. HP: 250/255 MP: 22/22
 78960 | Depths:2 | Received a gift from Okawaru
 79279 | Depths:2 | Noticed Frederick
 79279 | Depths:2 | Found a radiant altar of Vehumet.
 79303 | Depths:2 | Killed Frederick
 79439 | Depths:2 | Identified Sif Muna's Collected Works on Torrid Enchantment
 79901 | Depths:3 | Found a one-way gate leading to the halls of Pandemonium.
 80024 | Depths:3 | Reached skill level 27 in Fighting
 80116 | Depths:3 | Received a gift from Okawaru
 80246 | Depths:3 | Received a gift from Okawaru
 81021 | Depths:4 | Found a one-way gate to the infinite horrors of the Abyss.
 81520 | Depths:4 | Reached skill level 27 in Armour
 81642 | Depths:4 | Reached XP level 26. HP: 266/266 MP: 22/22
 81696 | Depths:4 | Found Gozag's Antique Armour Emporium.
 81704 | Depths:4 | Found an opulent altar of Gozag.
 81706 | Depths:4 | Found Gozag's Antique Weapon Shoppe.
 81727 | Depths:4 | Found Gozag's Assorted Antiques.
 81766 | Depths:4 | Reached skill level 1 in Invocations
 82069 | Depths:4 | Found a gateway to a ziggurat.
 82240 | Depths:4 | Received a gift from Okawaru
 82505 | Depths:5 | Entered Level 5 of the Depths
 82858 | Depths:5 | Reached skill level 5 in Invocations
 82866 | Depths:5 | Found a gate to the Realm of Zot.
 83632 | Depths:5 | Found Dapei's Assorted Antiques.
 83632 | Depths:5 | Found Puaruqea's Antique Weapon Emporium.
 83676 | Depths:5 | Bought a scroll of teleportation for 72 gold pieces
 83676 | Depths:5 | Bought a potion of resistance for 240 gold pieces
 83772 | Depths:5 | Noticed Sojobo
 83801 | Depths:5 | Killed Sojobo
 84756 | Tomb:1   | Entered Level 1 of the Tomb of the Ancients
 84827 | Tomb:1   | Received a gift from Okawaru
 85434 | Tomb:1   | Received a gift from Okawaru
 85717 | Tomb:1   | Got a pair of scorched boots
 85740 | Tomb:1   | Identified the +1 pair of boots of the Hot Ocelot {+Blink
                  | rC- Regen+ Slay+5} (You found it on level 1 of the Tomb of
                  | the Ancients)
 86061 | Tomb:2   | Noticed a greater mummy
 86061 | Tomb:2   | Noticed a greater mummy
 86063 | Tomb:2   | Noticed a greater mummy
 86064 | Tomb:2   | Noticed a greater mummy
 86153 | Tomb:2   | Gained mutation: Scrolls take you a little longer to read.
                  | [mutagenic glow]
 86183 | Tomb:2   | Gained mutation: You tend to lose your temper in combat.
                  | [mutagenic glow]
 86236 | Tomb:2   | Gained mutation: You are clumsy. (Dex -2) [mutagenic glow]
 86290 | Tomb:2   | Gained mutation: You are very clumsy. (Dex -4) [mutagenic
                  | glow]
 86699 | Tomb:3   | Entered Level 3 of the Tomb of the Ancients
 86762 | Tomb:3   | Noticed a greater mummy
 86771 | Tomb:3   | Noticed a greater mummy
 86773 | Tomb:3   | Noticed a greater mummy
 86776 | Tomb:3   | Noticed a greater mummy
 86782 | Tomb:3   | Noticed a greater mummy
 86788 | Tomb:3   | HP: 11/266 [shadow[a greater mummy] (8)]
 86788 | Tomb:3   | Noticed a greater mummy
 86802 | Tomb:3   | HP: 19/399 [ancient champion/+1 great sword (5)]
 86810 | Tomb:3   | HP: 13/399 [torment (4)]
 86815 | Tomb:3   | HP: 11/399 [torment (3)]
 86824 | Tomb:3   | HP: 13/266 [??? (3)]
 86825 | Tomb:3   | Noticed a greater mummy
 86829 | Tomb:3   | HP: 10/266 [torment (1)]
 86831 | Tomb:3   | Noticed a greater mummy
 86833 | Tomb:3   | Killed from afar by a greater mummy

Levels and vault maps discovered:
D:1:      eino_arrival_water_cross, layout_loops_cross
D:2:      layout_loops_cross, lemuel_crystal_altar, lemuel_doored_altar
D:3:      kb_forest_paths, layout_basic, nicolae_overflow_crystal_walls,
          old_standard_altar, first_ration, st_stairs_13, hangedman_decor_points
D:4:      layout_basic, minmay_temple_entry_mini_moons, serial_shops,
          nicolae_shop_trees
D:5:      layout_basic, old_standard_altar, uniq_ijyb
D:6:      layout_loops_corners, serial_shops, shop, uniq_blork_the_orc
D:7:      layout_cave_pools, nicolae_gozag_cash_rules_everything_around_me,
          elyvilon_altar_1, lemuel_mausoleum_altar_yredelemnul, grunt_livestock
D:8:      layout_cave_pools, fedhas_altar_3, kennysheep_mini_moat,
          david_lair_generic
D:9:      layout_long_grid, lemuel_crystal_altar, makhleb_heckhound_becter,
          old_standard_altar, zombieorc2_lemuel, uniq_maggie
D:10:     layout_loops_ring
D:11:     layout_rooms, basic_altar, nicolae_tso_carved_into_rock
D:12:     layout_roguey, nicolae_trove_entry_free_sample, gammafunk_ghost_grave,
          item_on_display_a, uniq_nergalle, uniq_rupert
D:13:     layout_basic, david_vaults_2, serial_ice, serial_ice_b, serial_ice_d,
          serial_ice_n, serial_ice_h, serial_shops, shop, jmf_multi_god_temple
D:14:     layout_roguey, chequers_avenue
D:15:     grunt_enter_depths_magical_seal, layout_gridville,
          hangedman_ru_absence, gauntlet_entry_generic, serial_shops,
          shop_statue, shop, nicolae_shop_waterfront, chequers_jeans,
          uniq_josephine
Temple:   corrupted_temple
Lair:1:   layout_roguey, roderic_batcave, mumra_transporter_accident
Lair:2:   layout_regular_city, lemuel_fruit_fields, grunt_megastairs_5,
          serial_bayou_shore_b, uniq_fannar, uniq_sonja
Lair:3:   layout_chaotic_city, grunt_megastairs_1, uniq_gastronok
Lair:4:   layout_hall_layers, palyth_hydra_swamp_entry,
          minmay_snake_entry_six_corridors, lemuel_fruit_tree
Lair:5:   layout_regular_city, slime_altar_2
Lair:6:   guppyfry_lair_end_dragon, layout_regular_city,
          hangedman_lair_in_review
Swamp:1:  layout_falls_marsh, evilmike_swamp_ruin_rubble_1, swamp_pool1,
          nicolae_swamp_trees_clearing
Swamp:2:  layout_basic_swamp, hangedman_swamp_ruin_wall,
          hangedman_swamp_ravenous
Swamp:3:  gammafunk_the_bubble [the_bubble_gammafunk_split], layout_falls_marsh,
          evilmike_swamp_ruin_house_6
Swamp:4:  swamp_basic_johnstein, layout_basic_swamp, swamp_pool1,
          infiniplex_staircase_pool
Snake:1:  layout_misc_corridors, grunt_megastairs_3
Snake:2:  layout_onion, serial_bayou_pond_b, hangedman_snake_corridor_split,
          grunt_megastairs_2
Snake:3:  layout_onion, serial_shops, nicolae_shop_crystal, minmay_shop_star,
          uniq_aizul
Snake:4:  snake_pit_salamanders_mu, layout_basic, uniq_mara
Orc:1:    layout_diamond_mine
Orc:2:    grunt_orc_tribal_feast, layout_caves, serial_shops, shop, uniq_azrael
Elf:1:    eino_elf_arrival_altar, layout_geoelf_octagon, minmay_elf_necromancy,
          uniq_louise
Elf:2:    layout_geoelf_octagon
Elf:3:    nooodl_elf_gasket, layout_loops_cross, serial_shops, shop,
          serial_sigils_hangedman_shear, nooodl_food_tri
Vaults:1: vaults_not_door_vault_due, vaults_room_corners,
          ontoclasm_vaults_ring_small, nicolae_vaults_ring_of_whatevers,
          nicolae_vaults_network_periphery, v_pattern_5,
          ontoclasm_vaults_misaligned, v_misc_22,
          nicolae_vaults_border_crossing, vaults_room_semicircle,
          v_alt_pattern_1, nicolae_vaults_yaktaur_gun_rack,
          nicolae_vaults_alarming, layout_vaults_big_room, serial_shops, shop
Vaults:2: vaults_room_pools, vaults_dpeg_hooks, nicolae_vaults_network_star,
          v_alt_pattern_6, v_misc_18, nicolae_vaults_little_squares_6,
          nicolae_vaults_diagonal_hallway_6, st_more_cells,
          grunt_vaults_hallway_short, hangedman_vaults_snaps,
          hangedman_vaults_variations, grunt_vaults_diagonal,
          nicolae_vaults_circle_grid_a, vaults_mumra_minichess,
          nicolae_vaults_little_squares_5, ontoclasm_vaults_loading_screen,
          layout_vaults_omnibox
Vaults:3: v_pattern_2, ontoclasm_vaults_ligature, nicolae_vaults_big_ls,
          minmay_crypt_entry_nasty_monster, v_misc_27, hangedman_vaults_impose,
          nicolae_vaults_network_quinsquares
          [nicolae_vaults_network_quincunx_subvault,
          nicolae_vaults_network_quincunx_subvault,
          nicolae_vaults_network_quincunx_subvault,
          nicolae_vaults_network_quincunx_subvault],
          nicolae_vaults_little_squares_4, nicolae_vaults_little_squares_3,
          layout_vaults_omnigrid, uniq_asterion, uniq_mennas, uniq_margery
Vaults:4: vaults_room_hangedman_quadrants, v_misc_22,
          nicolae_vaults_little_squares_3, nicolae_vaults_hallways_thing,
          ontoclasm_vaults_fault, ontoclasm_vaults_shuriken,
          nicolae_vaults_circle_grid_b, v_misc_12, vaults_room_corners,
          vaults_room_ringed_pool, ontoclasm_vaults_hangar,
          vaults_mumra_minichess_inversion, grunt_vaults_funnel,
          ontoclasm_vaults_ring_small, layout_vaults_ring, serial_shops,
          nicolae_shop_crystal
Vaults:5: uniq_bai_suzhen
Crypt:1:  layout_basic
Crypt:2:  layout_gridlike, grunt_megastairs_4, roderic_lattice_octagonal_star,
          uniq_jory
Crypt:3:  due_elkab, layout_chaotic_city, tomb_entry_forgotten_bobbens,
          minivault_14, grunt_ministairs_7
Tomb:1
Tomb:2
Tomb:3
Depths:1: layout_cave_pools, chequers_serial_rivers_room_b,
          marbit_kobold_abyss_entry, hell_entry, hallowed_hall
Depths:2: evilmike_halls_of_destruction, layout_cave_pools,
          infiniplex_staircase_pool_2, hangedman_coc_ice_floe
Depths:3: minmay_two_paths, layout_cave_pools, chequers_big_river,
          hangedman_geh_valley, pan_entry, moated_statue
Depths:4: kennysheep_gozag_temple, layout_gridville, enter_ziggurat_b,
          abyss_entry_crystal, hell_entry
Depths:5: grunt_crosshair, layout_gridlike, hell_entry, minmay_misc_feat_tiny,
          minmay_shoptagon, uniq_sojobo

Skill      XL: |  1  2  3  4  5  6  7  8  9 10 11 12 13 14 15 16 17 18 19 20 21 22 23 24 25 26 |
---------------+-------------------------------------------------------------------------------+-----
Fighting       | 3 4 5 6 7 9 10 11 13 14 15 16 17 18 19 21 23 24 26 27 | 27.0
Dodging        | 3 4 5 8 12 14 15 17 19 21 22 24 | 24.6
Crossbows      | 5 6 7 8 9 10 12 15 17 18 | 18.0
Armour         | 2 4 7 9 11 12 14 18 20 22 24 27 | 27.0
Long Blades    | 2 4 7 13 14 16 17 18 19 20 | 20.0
Invocations    | 6 |  6.7
Stealth        | |  0.7

Action                   |  1- 3 |  4- 6 |  7- 9 | 10-12 | 13-15 | 16-18 | 19-21 | 22-24 | 25-27 || total
-------------------------+-------+-------+-------+-------+-------+-------+-------+-------+-------++-------
Melee: Short sword       |    92 |    51 |       |       |       |       |       |       |       ||   143
       Headbutt          |    10 |    16 |    25 |    81 |   273 |   241 |   190 |   298 |   181 ||  1315
       Trident           |       |    55 |    21 |       |       |       |       |       |       ||    76
       Flail             |       |    27 |       |       |       |       |       |       |       ||    27
       Great sword       |       |       |   185 |   364 |   977 |   907 |   576 |   652 |   368 ||  4029
 Fire: Hand crossbow     |     2 |    20 |    17 |    26 |    89 |       |       |       |       ||   154
       Arbalest          |       |       |       |       |    65 |   216 |   570 |   509 |   379 ||  1739
Evoke: Phantom mirror    |       |       |       |       |     1 |     1 |       |       |       ||     2
       Wand              |       |       |       |       |     1 |       |     2 |       |       ||     3
  Use: Scroll            |       |       |    10 |    14 |    20 |    13 |     5 |     3 |    23 ||    88
       Potion            |       |       |       |     1 |     6 |     2 |     2 |       |    40 ||    51
 Stab: Distracted        |       |       |       |       |       |       |     1 |       |     1 ||     2
       Confused          |       |       |       |       |       |       |       |     3 |       ||     3
  Eat: Chunk             |       |    14 |    10 |    24 |    50 |    27 |    28 |    22 |    13 ||   188
       Ration            |       |       |     1 |     3 |     5 |     5 |     3 |     3 |     4 ||    24
Armor: Leather armour    |     3 |       |       |       |       |       |       |       |       ||     3
       Ring mail         |    17 |    48 |       |       |       |       |       |       |       ||    65
       Chain mail        |       |     4 |   104 |   102 |       |       |       |       |       ||   210
       Skin              |       |       |     4 |       |       |       |       |       |       ||     4
       Scale mail        |       |       |       |    27 |       |       |       |       |       ||    27
       Plate armour      |       |       |       |    98 |   820 |   880 |   382 |   347 |   326 ||  2853
Dodge: Dodged            |    67 |   110 |   112 |   202 |   762 |   995 |   504 |   775 |   806 ||  4333
       Repelled          |       |       |       |       |       |    44 |    88 |    58 |    21 ||   211
       Rpst.: Great sword |       |       |    24 |    58 |   150 |   157 |    68 |   132 |   146 ||   735

Table legend:
 A = Non-vault XP
 B = Vault XP
 C = Vault XP percentage of total XP
 D = Non-vault monster count
 E = Vault monster count
 F = Vault count percentage of total count
                 A         B        C        D         E       F
            +---------+---------+-------+---------+---------+-------
      Total |  743871 |  727385 |  49.4 |    1653 |     889 |  35.0
            +---------+---------+-------+---------+---------+-------
        D:1 |      66 |       0 |   0.0 |      31 |       0 |   0.0
        D:2 |     131 |       0 |   0.0 |      31 |       0 |   0.0
        D:3 |      52 |      19 |  26.8 |      19 |       8 |  29.6
        D:4 |     425 |       0 |   0.0 |      15 |       0 |   0.0
        D:5 |     782 |      36 |   4.4 |      17 |       1 |   5.6
        D:6 |     896 |      99 |   9.9 |      28 |       1 |   3.4
        D:7 |    1242 |    1748 |  58.5 |      18 |      17 |  48.6
        D:8 |     896 |      97 |   9.8 |      16 |       1 |   5.9
        D:9 |     815 |    1831 |  69.2 |      22 |      41 |  65.1
       D:10 |    1364 |       0 |   0.0 |       8 |       0 |   0.0
       D:11 |    3455 |       0 |   0.0 |      26 |       0 |   0.0
       D:12 |    3832 |    6879 |  64.2 |      28 |       4 |  12.5
       D:13 |    5257 |    5456 |  50.9 |      23 |      13 |  36.1
       D:14 |    9746 |       0 |   0.0 |      31 |       0 |   0.0
       D:15 |   17078 |    8036 |  32.0 |      35 |      14 |  28.6
     Lair:1 |    4200 |     117 |   2.7 |      18 |       9 |  33.3
     Lair:2 |    8111 |    1798 |  18.1 |      33 |       2 |   5.7
     Lair:3 |    7436 |    3948 |  34.7 |      24 |       8 |  25.0
     Lair:4 |    9961 |    4840 |  32.7 |      35 |      21 |  37.5
     Lair:5 |    8624 |      54 |   0.6 |      25 |       3 |  10.7
     Lair:6 |    3930 |   14945 |  79.2 |      15 |      34 |  69.4
    Swamp:1 |   12199 |       0 |   0.0 |      36 |       0 |   0.0
    Swamp:2 |   11661 |    3906 |  25.1 |      37 |      13 |  26.0
    Swamp:3 |    7586 |    6901 |  47.6 |      21 |      14 |  40.0
    Swamp:4 |   17577 |   17558 |  50.0 |      38 |      25 |  39.7
    Snake:1 |    9119 |    1642 |  15.3 |      18 |       4 |  18.2
    Snake:2 |   12784 |    9692 |  43.1 |      20 |      18 |  47.4
    Snake:3 |   26115 |    1625 |   5.9 |      43 |       1 |   2.3
    Snake:4 |   22486 |   57616 |  71.9 |      47 |      69 |  59.5
      Orc:1 |    6673 |    4029 |  37.6 |      65 |      12 |  15.6
      Orc:2 |    4487 |    7916 |  63.8 |      26 |      27 |  50.9
      Elf:1 |   12568 |    7583 |  37.6 |      20 |      13 |  39.4
      Elf:2 |    9802 |   26483 |  73.0 |      15 |      32 |  68.1
      Elf:3 |   30775 |   57556 |  65.2 |      51 |      43 |  45.7
   Vaults:1 |   13257 |   29324 |  68.9 |      29 |      37 |  56.1
   Vaults:2 |   16746 |   37625 |  69.2 |      35 |      45 |  56.2
   Vaults:3 |   46861 |   33140 |  41.4 |      76 |      27 |  26.2
   Vaults:4 |   36866 |   38634 |  51.2 |      63 |      42 |  40.0
   Vaults:5 |   42776 |  109529 |  71.9 |      81 |      64 |  44.1
    Crypt:1 |   11753 |       0 |   0.0 |      21 |       0 |   0.0
    Crypt:2 |   35685 |    8538 |  19.3 |      51 |       7 |  12.1
    Crypt:3 |    7890 |   47096 |  85.7 |      17 |      58 |  77.3
     Tomb:1 |    3804 |   37388 |  90.8 |      14 |      37 |  72.5
     Tomb:2 |    8116 |   11154 |  57.9 |      19 |      18 |  48.6
     Tomb:3 |    4734 |   16412 |  77.6 |       8 |      17 |  68.0
   Depths:1 |   29663 |    6120 |  17.1 |      47 |       3 |   6.0
   Depths:2 |   46621 |   28246 |  37.7 |      63 |      24 |  27.6
   Depths:3 |   37892 |   22558 |  37.3 |      49 |      14 |  22.2
   Depths:4 |   61561 |   11305 |  15.5 |      51 |       9 |  15.0
   Depths:5 |   36904 |   32159 |  46.6 |      42 |      19 |  31.1
    Abyss:3 |   30611 |       0 |   0.0 |      52 |       0 |   0.0
   Gauntlet |       0 |    5747 | 100.0 |       0 |      20 | 100.0
            +---------+---------+-------+---------+---------+-------
